 Dungeon Crawl Stone Soup version 0.26-a0-651-gb41185065b (webtiles) character file.

Game seed: 4691070999487079278

125552 gbos the Warrior (level 16, -3/265 HPs)
             Began as a Naga Hunter on Oct 11, 2020.
             Was an Initiate of Gozag.
             Slain by a swamp worm (27 damage)
             ... called by a spriggan druid
             ... on level 3 of the Swamp.
             The game lasted 02:19:00 (45659 turns).

gbos the Warrior (Naga Hunter)                     Turns: 45659, Time: 02:19:01

Health: -3/265     AC: 32    Str: 17    XL:     16   Next: 96%
Magic:  14/14      EV:  1    Int: 14    God:    Gozag
Gold:   3787       SH:  7    Dex: 15    Spells: 15/15 levels left

rFire    + . .     SeeInvis +   a - +4 scimitar of the Equinox {drain, rElec rN++ Str-3}
rCold    . . .     Faith    .   W - +3 warlock's mirror {reflect}
rNeg     + + +     Spirit   .   (armour currently unavailable)
rPois    +         Reflect  +   (helmet currently unavailable)
rElec    +         Harm     .   (cloak currently unavailable)
rCorr    .         Rampage  .   (gloves currently unavailable)
MR       ++...     NoTele   +   (no barding)
Stlth    +++++.....             D - amulet of the acrobat
HPRegen  0.54/turn              u - +4 ring of protection
MPRegen  0.14/turn              I - ring of protection from fire

@: mighty, brilliant, tree-form, gold aura, hasted, very quick
A: large, see invisible, agile 1, clever 1, low mp 1, spit poison 2, AC +5
a: Breathe Poison Gas, Potion Petition, Call Merchant, Bribe Branch, Renounce
Religion


You were on level 3 of the Swamp.
You worshipped Gozag.
Gozag was most pleased with you.
You were a tree.
You visited 6 branches of the dungeon, and saw 28 of its levels.
You also visited: Ice Cave.

You collected 12840 gold pieces.
You spent 3259 gold pieces at shops.
You paid 5794 gold pieces to Gozag.


Innate Abilities, Weirdness & Mutations

You cannot wear boots.
((Your serpentine skin is tough. (AC +5)))
You have supernaturally acute eyesight. (SInv)
((Armour fits poorly on your strangely shaped body.))
((Your system is resistant to poisons. (rPois)))
((You cover ground very slowly.))
You can exhale a cloud of poison.
((You can use your snake-like lower body to constrict enemies.))
You are agile. (Dex +2)
Your mind is acute. (Int +2)
Your magical capacity is low. (-10% MP)


   Skills:
 + Level 19.6 Fighting
 - Level 14.0 Long Blades
 - Level 3.6 Crossbows
 + Level 8.4 Armour
 - Level 1.5 Dodging
 - Level 11.9 Stealth
 - Level 2.4 Shields
 - Level 10.0 Evocations


You had 15 spell levels left.
You didn't know any spells.
Your spell library contained the following spells:

 Spells                   Type           Power        Failure   Level
 Apportation              Tloc           #.....       28%         1
 Magic Dart               Conj           #...         28%         1
 Sting                    Tmut/Pois      #...         28%         1
 Blink                    Tloc           N/A          41%         2
 Call Imp                 Summ           #.......     41%         2
 Poisonous Vapours        Pois/Air       #.....       41%         2
 Searing Ray              Conj           #.....       41%         2
 Slow                     Hex            #.......     41%         2
 Conjure Flame            Conj/Fire      #.......     65%         3
 Dazzling Flash           Conj/Hex       #.....       65%         3
 Ignite Poison            Fire/Tmut/Pois #.......     65%         3
 Lesser Beckoning         Tloc           #.........   65%         3
 Mephitic Cloud           Conj/Pois/Air  #.......     65%         3
 Tukima's Dance           Hex            #.......     65%         3
 Fulminant Prism          Conj/Hex       #.........   96%         4
 Ice Form                 Ice/Tmut       #.......     96%         4
 Iskenderun's Mystic Bla  Conj/Tloc      #.......     96%         4
 Olgreb's Toxic Radiance  Pois           #.......     96%         4
 Alistair's Intoxication  Tmut/Pois      #........    100%        5
 Bolt of Magma            Conj/Fire/Erth #.........   100%        5
 Iskenderun's Battlesphe  Conj           #.......     100%        5
 Metabolic Englaciation   Hex/Ice        #.........   100%        5
 Freezing Cloud           Conj/Ice/Air   #.........   100%        6
 Invisibility             Hex            #.......     100%        6
 Iron Shot                Conj/Erth      #.........   100%        6
 Ozocubu's Refrigeration  Ice            #.........   100%        6
 Simulacrum               Ice/Necr       #.........   100%        6
 Malign Gateway           Summ/Tloc      #.........   100%        7
 Monstrous Menagerie      Summ           #.........   100%        7
 Orb of Destruction       Conj           #.........   100%        7
 Spellforged Servitor     Conj/Summ      #.........   100%        7
 Summon Greater Demon     Summ           #.........   100%        7
 Summon Horrible Things   Summ           #.........   100%        8

Inventory:

Hand Weapons
 a - the +4 scimitar of the Equinox (weapon) {drain, rElec rN++ Str-3} A truly terrible weapon, it drains the life of those it strikes. It affects your strength (-3). It insulates you from electricity. It greatly protects you from negative energy.
 b - a +2 vorpal hand crossbow
 q - a +3 long sword of flaming
 H - a +1 scimitar of holy wrath
Missiles
 d - 280 bolts
 t - 67 poisoned darts (quivered)
 M - 3 curare-tipped darts {=f}
Armour
 c - a +2 helmet of see invisible (melded)
 e - the +4 scale mail of Dyweg {rPois MR+ Dex+4}

   It affects your dexterity (+4).
   It protects you from poison.
   It affects your resistance to hostile enchantments.
 n - a +1 cloak (melded)
 o - a +2 pair of gloves (melded)
 C - a +4 plate armour of cold resistance
 F - the +6 lightning scales (melded) {run, rElec}

   It insulates you from electricity.
 L - the +4 chain mail of Gravitas (melded) {rElec Slay+6}

   It affects your accuracy and damage with ranged weapons and melee attacks
   (+6).
   It insulates you from electricity.
 N - the +6 plate armour "Teugul" {Dex+2}

   It affects your dexterity (+2).
 W - the +3 warlock's mirror (worn) {reflect}
Jewellery
 j - an uncursed ring of ice
 m - an uncursed ring of positive energy
 r - an uncursed ring of protection from cold
 u - a +4 ring of protection (left branch)
 y - a +4 ring of evasion
 D - an amulet of the acrobat (around neck)
 G - an uncursed ring of resist corrosion
 I - a ring of protection from fire (right branch)
 K - the ring "Zep Moq" {rElec rPois Int+4}

   [ring of poison resistance]

   It affects your intelligence (+4).
   It insulates you from electricity.
   It protects you from poison.
 X - the ring of Rysusif {Wiz Stlth+}

   [ring of wizardry]

   It improves your spell success rate.
   It makes you more stealthy.
Wands
 v - a wand of disintegration (16)
 w - a wand of flame (128)
 x - a wand of acid (3)
 E - a wand of iceblast (9)
 U - a wand of paralysis (32)
 V - a wand of enslavement (10)
 Z - a wand of polymorph (8)
Scrolls
 g - 7 scrolls of identify {@r1}
 h - 4 scrolls of fear
 k - 8 scrolls of remove curse
 p - 5 scrolls of enchant weapon
 z - a scroll of amnesia
 B - 4 scrolls of enchant armour
 O - 3 scrolls of magic mapping
 Q - 5 scrolls of teleportation {@r4}
 S - 3 scrolls of fog
 Y - 2 scrolls of blinking
Potions
 f - 12 potions of curing {@q1}
 i - 4 potions of magic
 l - 4 potions of lignification {!q}
 s - 4 potions of brilliance
 A - 5 potions of might
 J - 2 potions of resistance
 P - a potion of flight
 R - 3 potions of haste {@q3}
 T - 2 potions of cancellation

Dungeon Overview and Level Annotations

Branches:
Dungeon (15/15)            Temple (1/1) D:6            Lair (6/6) D:10
  Swamp (3/4) Lair:4       Spider (0/4) Lair:4        Slime (1/5) Lair:5
    Orc (2/2) D:10            Elf (0/3) Orc:2        Vaults (0/5) D:14
 Depths (0/5) D:15          IceCv (visited)

Altars:
Ashenzari
Cheibriados
Dithmenos
Elyvilon
Fedhas
Gozag
Hepliaklqana
Kikubaaqudgha
Makhleb
Nemelex Xobeh
Okawaru
Qazlal
Ru
Sif Muna
Trog
Uskayaw
Vehumet
Wu Jian
Xom
Yredelemnul
Zin
The Shining One
Beogh

Shops:
D:10 [   D:11 *   D:15 (   Orc:2 (*=![   Lair:6 [   Swamp:1 ([

Annotations:
D:5 2 runed translucent doors, emiel's ghost, weakling MiDe
D:7 Duvessa
Lair:3 2 runed translucent doors, Siteim's ghost, journeyman MiAK

♣♣.♣≈.....♣♣
♣.♣.≈.♣≈..♣
♣≈♣.≈≈...♣♣
♣♣≈♣.≈≈≈≈♣♣
♣♣≈..≈≈≈≈≈♣
♣..≈≈≈....♣♣
♣..≈£♣♣...♣
♣♣.≈≈£♣♣..♣♣
♣≈≈.l♣♣♣♣.♣
♣.♣.£w♣...♣♣
♣>≈≈≈.£.≈≈≈♣
♣l(.≈≈.≈≈≈≈.♣
≈≈≈≈.≈≈.♣≈≈..≈♣
(≈≈..≈≈.....≈≈.♣
≈≈..≈≈≈≈≈≈≈≈≈≈≈♣
≈#..♣♣≈..≈.≈...♣
≈.≈♣
≈...♣.≈≈≈.≈≈


You could see a komodo dragon (strong, unaware, drained), a swamp worm (strong)
and a swamp drake (strong).


Message History

The swamp drake roars!
You slash the komodo dragon! You drain the komodo dragon.
The komodo dragon is severely wounded.
You constrict the komodo dragon. You block the swamp worm's attack.
Unknown command.
Use which ability? (? or * to list) [a] - 350 gold - haste and brilliance [b] - 440 gold - brilliance, magic, might and stabbing [c] - 500 gold - haste and resistance Purchase which effect?
You feel yourself speed up.
You feel clever all of a sudden.
You constrict the komodo dragon. The komodo dragon bites you!!
* * * LOW HITPOINT WARNING * * *
The swamp worm bites you.
* * * LOW HITPOINT WARNING * * *
Okay, then.
Really quaff
l - 5 potions of lignification {!q}?
Really quaff the potion of lignification?
You turn into a tree.
You feel rather sluggish.
Your roots penetrate the ground.
You lose your grip on the komodo dragon.
The komodo dragon becomes distracted by the nearby gold, dreaming of imaginary riches.
The swamp worm bites you!!
You die...
Your body crumbles into a pile of gold.

Action                   |  1- 3 |  4- 6 |  7- 9 | 10-12 | 13-15 | 16-18 || total
-------------------------+-------+-------+-------+-------+-------+-------++-------
Melee: Short sword       |    25 |   111 |   237 |    27 |       |       ||   400
       Long sword        |       |       |    10 |   553 |   716 |    18 ||  1297
       Constrict         |       |       |       |       |   181 |    41 ||   222
       Scimitar          |       |       |       |       |   207 |   227 ||   434
 Fire: Hand crossbow     |    28 |    20 |    76 |   205 |   439 |   352 ||  1120
Throw: Dart              |       |    44 |    64 |    15 |    26 |       ||   149
Invok: Potion Petition   |       |       |       |     1 |     2 |     1 ||     4
       Call Merchant     |       |       |       |       |     2 |     3 ||     5
 Abil: Spit Poison       |     6 |    26 |    39 |       |       |       ||    71
       Breathe Poison Ga |       |       |     4 |    71 |    95 |    19 ||   189
Evoke: Wand              |       |       |     1 |     4 |    15 |    15 ||    35
  Use: Potion            |     3 |       |     2 |     7 |    10 |     2 ||    24
       Scroll            |       |     1 |     7 |    23 |    12 |     1 ||    44
 Stab: Sleeping          |     1 |     2 |     4 |    14 |     2 |       ||    23
       Distracted        |       |       |     1 |     1 |     9 |     3 ||    14
Armor: Ring mail         |    10 |    62 |   171 |   160 |       |       ||   403
       Skin              |     6 |     2 |       |       |     5 |       ||    13
       Plate armour      |       |       |       |   569 |   554 |   206 ||  1329
       Chain mail        |       |       |       |       |   137 |   130 ||   267
       Scale mail        |       |       |       |       |   244 |       ||   244
Dodge: Dodged            |    15 |    64 |   171 |   361 |   428 |    74 ||  1113
Block: Buckler           |       |       |       |   147 |   519 |   118 ||   784
       Reflection        |       |       |       |       |    40 |    15 ||    55
       Rpst.: Long sword |       |       |     3 |    78 |    79 |       ||   160
       Scimitar          |       |       |       |       |    12 |     5 ||    17

Levels and vault maps discovered:
D:1:      dpeg_arrival_simpleton_b, layout_basic, minmay_misc_feat_four_crosses,
          chequers_big_river
D:2:      wad_woods_tower, layout_basic, uniq_terence
D:3:      layout_basic, ashenzari_conservatory_becter
D:4:      layout_basic, kennysheep_mini_moat, uniq_edmund
D:5:      layout_cave_pools, gammafunk_temple_overflow_elements,
          ebering_ghost_disaster_area, lightli_minifort, uniq_crazy_yiuf_cottage
D:6:      layout_loops_cross, lemuel_doored_altar, grunt_qazlal_sundering,
          minmay_temple_entry_antechambers, uniq_maggie
D:7:      layout_basic, uniq_duvessa
D:8:      minmay_skewed_foursquare, layout_basic, grunt_temple_overflow_diamond,
          overflow_temple_1_default, overflow_temple_1_default,
          lemuel_mausoleum_altar_yredelemnul
D:9:      minmay_the_grid_3x3 [minmay_the_grid_armoury,
          minmay_the_grid_dragon_b, minmay_the_grid_slots,
          minmay_the_grid_holed_spiral, minmay_the_grid_embedded,
          minmay_the_grid_square_x, minmay_the_grid_broken_lines,
          minmay_the_grid_plusring,
          minmay_the_grid_prize_four_corners_diamond_a], layout_basic,
          slow_altar_1, hangedman_abyss_or_decor_lesser_grid, minmay_nine_imps
D:10:     layout_stronghold, grunt_lair_entry_orc_guard_hut, orc_david_3,
          minmay_between, uniq_grum
D:11:     layout_gridville, gauntlet_entry_generic, ebering_ghost_gozag,
          uniq_fannar
D:12:     minmay_chambers_of_sevens, layout_cross, grunt_ministairs_12,
          uniq_frances
D:13:     layout_cave_pools
D:14:     layout_roguey, david_vaults_5, basic_altar,
          minmay_staircase_windowed_large, item_on_display_a
D:15:     grunt_enter_depths_giant_problem, layout_cave_pods, basic_altar,
          nicolae_two_hexagons
Temple:   jpeg_temple_alley_garden
Lair:1:   minmay_lair_venomous_thicket, layout_regular_city, hibernation_bobbens
Lair:2:   layout_regular_city
Lair:3:   wad_woods_04, layout_regular_city, ebering_ghost_disaster_area,
          patterned_corridor
Lair:4:   layout_cave_pods, swamp_mist_pool, spider_nest_entry_web_field,
          beast_lair_carwin_9
Lair:5:   layout_roguey, slime_dummy, uniq_josephine
Lair:6:   hangedman_lair_in_review, layout_long_grid, guppyfry_lair_end_dragon,
          portal_ice_cave_entry_animals_and_master,
          chequers_serial_rivers_micro_b
Swamp:1:  layout_basic_swamp, evilmike_swamp_ruin_house_2
Swamp:2:  layout_basic_swamp, evilmike_swamp_ruin_rubble_1, swamp_pool3,
          nicolae_swamp_godswood
Swamp:3:  layout_falls_marsh, evilmike_swamp_ruin_house_1, uniq_mara,
          uniq_nikola
Slime:1:  layout_caves
Orc:1:    nicolae_orc_accident_3, layout_diamond_mine, basic_altar
Orc:2:    grunt_orc_gardens, layout_caves, grunt_orc_garden, grunt_orc_garden,
          grunt_orc_garden, grunt_orc_garden, basic_altar,
          nicolae_orc_jurassic_orc, nooodl_orcs_dogs, uniq_jorgrun

Notes
Turn   | Place    | Note
-------+----------+-------------------------------------------
     0 | D:1      | gbos the Naga Hunter began the quest for the Orb.
     0 | D:1      | Reached XP level 1. HP: 19/19 MP: 1/1
    67 | D:1      | Reached skill level 2 in Stealth
   198 | D:1      | Reached XP level 2. HP: 27/27 MP: 2/2
   424 | D:1      | Reached skill level 3 in Stealth
   842 | D:2      | Reached XP level 3. HP: 32/33 MP: 3/3
  1004 | D:2      | Noticed Terence
  1014 | D:2      | Gained mutation: Your magical capacity is low. (-10% MP)
                  | [potion of mutation]
  1014 | D:2      | Gained mutation: Your muscles are strong. (Str +2) [potion
                  | of mutation]
  1014 | D:2      | Gained mutation: Your magical capacity is very low. (-20%
                  | MP) [potion of mutation]
  1014 | D:2      | Gained mutation: You expend magic power (3 MP) to
                  | strengthen your wands. [potion of mutation]
  1019 | D:2      | Reached skill level 3 in Fighting
  1019 | D:2      | Reached skill level 4 in Stealth
  1024 | D:2      | Killed Terence
  1024 | D:2      | Reached XP level 4. HP: 42/42 MP: 3/3
  1315 | D:2      | Reached skill level 5 in Stealth
  1358 | D:2      | Reached XP level 5. HP: 33/50 MP: 4/4
  1957 | D:2      | Reached skill level 4 in Fighting
  2330 | D:3      | Found a broken altar of Ashenzari.
  2462 | D:3      | Reached skill level 6 in Stealth
  2809 | D:3      | Reached XP level 6. HP: 58/58 MP: 4/4
  3193 | D:4      | Found an ancient bone altar of Kikubaaqudgha.
  3214 | D:4      | Reached skill level 7 in Stealth
  3238 | D:4      | Noticed Edmund
  3254 | D:4      | Killed Edmund
  3254 | D:4      | Reached skill level 5 in Fighting
  3254 | D:4      | Reached XP level 7. HP: 33/67 MP: 5/5
  3449 | D:4      | Reached skill level 8 in Stealth
  3755 | D:4      | Reached skill level 6 in Fighting
  4140 | D:5      | Entered Level 5 of the Dungeon
  4419 | D:5      | Reached skill level 7 in Fighting
  4781 | D:5      | Reached XP level 8. HP: 81/81 MP: 6/6
  4895 | D:8      | Found a burning altar of Makhleb.
  4976 | D:6      | Found a stormy altar of Qazlal.
  4976 | D:6      | Identified +0 acid dragon scales
  4976 | D:6      | Noticed Maggie
  5066 | D:6      | Reached skill level 8 in Fighting
  5191 | D:6      | Found a radiant altar of Vehumet.
  5302 | D:6      | Found a staircase to the Ecumenical Temple.
  5313 | Temple   | Entered the Ecumenical Temple
  5593 | D:6      | Reached skill level 9 in Fighting
  5926 | D:5      | Found an opulent altar of Gozag.
  5926 | D:5      | Found a shadowy altar of Dithmenos.
  5930 | D:5      | Became a worshipper of Gozag Ym Sagoz the Greedy
  6008 | D:5      | Found a large runed translucent door.
  6008 | D:5      | Found a large runed translucent door.
  6012 | D:5      | Noticed emiel's ghost (weakling MiDe)
  6706 | D:7      | Reached skill level 10 in Fighting
  6706 | D:7      | Reached XP level 9. HP: 93/93 MP: 7/7
  7295 | D:7      | Noticed a cyclops
  7389 | D:8      | Found a glowing golden altar of the Shining One.
  7404 | D:8      | Reached skill level 11 in Fighting
  8005 | D:7      | Noticed Duvessa
  8129 | D:7      | Lost mutation: Your muscles are strong. (Str +2) [potion of
                  | mutation]
  8129 | D:7      | Lost mutation: You expend magic power (3 MP) to strengthen
                  | your wands. [potion of mutation]
  8129 | D:7      | Lost mutation: Your magical capacity is very low. (-20% MP)
                  | [potion of mutation]
  8129 | D:7      | Gained mutation: Your mind is acute. (Int +2) [potion of
                  | mutation]
  8129 | D:7      | Gained mutation: You can exhale a cloud of poison. [potion
                  | of mutation]
  8129 | D:7      | Gained mutation: You are agile. (Dex +2) [potion of
                  | mutation]
  8462 | D:8      | Killed Maggie
  8462 | D:8      | Reached skill level 12 in Fighting
  8729 | D:8      | Reached XP level 10. HP: 108/108 MP: 9/9
  8972 | D:8      | Found a basalt altar of Yredelemnul.
  9189 | D:8      | Reached skill level 13 in Fighting
  9962 | D:8      | Found a hazy altar of Hepliaklqana.
  9969 | D:8      | Found a white marble altar of Elyvilon.
  9972 | D:8      | Found an iron altar of Okawaru.
 10608 | D:9      | Reached skill level 14 in Fighting
 10912 | D:9      | Noticed a centaur warrior
 11965 | D:9      | Noticed a deep elf mage
 11971 | D:9      | Killed a deep elf mage
 12053 | D:9      | Killed a centaur warrior
 12053 | D:9      | Reached skill level 15 in Fighting
 12053 | D:9      | Reached XP level 11. HP: 99/119 MP: 9/9
 12418 | D:9      | Got a scorched marble ring
 12582 | D:9      | Identified the ring "Zep Moq" {rElec rPois Int+4} (You
                  | found it on level 9 of the Dungeon)
 12731 | D:9      | Noticed a cyclops
 12768 | D:9      | Noticed an orc knight
 13026 | D:10     | Entered Level 10 of the Dungeon
 13348 | D:9      | Identified a scroll of acquirement
 13348 | D:9      | Acquired the +6 lightning scales {run, rElec}
 13349 | D:9      | Found the +6 lightning scales {run, rElec}
 13422 | D:9      | Reached skill level 1 in Evocations
 13621 | D:10     | Reached skill level 1 in Shields
 13827 | D:10     | Found a staircase to the Lair.
 13836 | D:10     | Reached skill level 2 in Evocations
 14673 | D:10     | Reached skill level 2 in Shields
 14678 | D:10     | Found a staircase to the Orcish Mines.
 14685 | D:10     | Found Wuah's Armour Shoppe.
 14717 | D:10     | Bought a +3 plate armour of cold resistance for 540 gold
                  | pieces
 15015 | D:10     | Reached skill level 3 in Evocations
 15017 | Lair:1   | Entered Level 1 of the Lair of Beasts
 15809 | Lair:1   | Reached skill level 4 in Evocations
 16706 | Lair:1   | Reached skill level 16 in Fighting
 16933 | Lair:2   | Reached skill level 5 in Evocations
 17360 | Lair:2   | Reached XP level 12. HP: 130/130 MP: 10/10
 18170 | Lair:3   | Reached skill level 6 in Evocations
 18595 | Lair:3   | Acquired 465 gold pieces
 18654 | Lair:6   | Entered Level 6 of the Lair of Beasts
 18863 | Lair:6   | Found a frozen archway.
 18886 | Lair:6   | Reached skill level 7 in Evocations
 18910 | IceCv    | Entered an ice cave
 20168 | IceCv    | Reached skill level 8 in Evocations
 20181 | IceCv    | Reached skill level 17 in Fighting
 20632 | IceCv    | Gained mutation: You can use your snake-like lower body to
                  | constrict enemies. [Naga growth]
 20632 | IceCv    | Reached XP level 13. HP: 138/146 MP: 11/11
 21128 | IceCv    | Noticed a frost giant
 21157 | IceCv    | Reached skill level 18 in Fighting
 21161 | IceCv    | Killed a frost giant
 21178 | IceCv    | Found the +3 warlock's mirror {reflect}
 21215 | IceCv    | Got a brightly glowing amber ring
 21218 | IceCv    | Identified the ring of Rysusif {Wiz Stlth+} (You found it
                  | in an ice cave)
 21698 | Lair:3   | Found a large runed translucent door.
 21698 | Lair:3   | Found a large runed translucent door.
 21890 | Lair:3   | Noticed Siteim's ghost (journeyman MiAK)
 23241 | Lair:4   | Found a staircase to the Swamp.
 23269 | Lair:5   | Noticed Josephine
 23278 | Lair:5   | Killed Josephine
 24038 | Lair:4   | Found a hole to the Spider Nest.
 24052 | Lair:4   | Reached skill level 19 in Fighting
 24052 | Lair:4   | Reached skill level 9 in Stealth
 24711 | Lair:5   | Got a polished chain mail
 24722 | Lair:5   | Identified the +4 chain mail of Gravitas {rElec Slay+6}
                  | (You found it on level 5 of the Lair of Beasts)
 24748 | Lair:5   | Found a staircase to the Slime Pits.
 25134 | Slime:1  | Entered Level 1 of the Pits of Slime
 25605 | Lair:6   | Reached skill level 10 in Stealth
 25610 | Lair:6   | Reached skill level 9 in Evocations
 25618 | Lair:6   | Reached XP level 14. HP: 111/159 MP: 12/12
 25959 | Lair:6   | Got a translucent scale mail
 25970 | Lair:6   | Identified the +4 scale mail of Dyweg {rPois MR+ Dex+4}
                  | (You found it on level 6 of the Lair of Beasts)
 26492 | Lair:6   | Reached skill level 11 in Stealth
 27336 | Lair:6   | Identified a potion of resistance
 28274 | Lair:6   | Reached skill level 10 in Evocations
 28637 | Lair:6   | Reached skill level 1 in Long Blades
 28704 | Lair:6   | Reached skill level 2 in Long Blades
 29025 | D:10     | Reached skill level 3 in Long Blades
 29311 | D:10     | Noticed Grum
 29319 | D:10     | Killed Grum
 29429 | D:10     | Reached skill level 4 in Long Blades
 30275 | D:11     | Found a runed translucent gate.
 30275 | D:11     | Found a runed translucent gate.
 30275 | D:11     | Found a runed translucent gate.
 30277 | D:11     | Found an opulent altar of Gozag.
 30277 | D:11     | Found Uqear's Assorted Antiques.
 30283 | D:11     | Noticed Zitorizoch's ghost (journeyman DrCj)
 30344 | D:11     | Reached skill level 5 in Long Blades
 30532 | D:11     | Noticed Fannar
 30559 | D:11     | Killed Fannar
 30915 | D:11     | Reached skill level 6 in Long Blades
 30916 | D:11     | Identified a +0 robe of the Archmagi
 31619 | D:11     | Reached skill level 7 in Long Blades
 32714 | D:12     | Reached skill level 8 in Long Blades
 32835 | D:12     | Noticed Frances
 32850 | D:12     | Killed Frances
 32850 | D:12     | Reached XP level 15. HP: 124/166 MP: 13/13
 33188 | D:12     | Reached skill level 9 in Long Blades
 33802 | Orc:1    | Entered Level 1 of the Orcish Mines
 33989 | Orc:1    | Found a roughly hewn altar of Beogh.
 34065 | Orc:1    | Reached skill level 10 in Long Blades
 34974 | Orc:2    | Entered Level 2 of the Orcish Mines
 34974 | Orc:2    | Found a staircase to the Elven Halls.
 35349 | Orc:2    | Found a roughly hewn altar of Beogh.
 35720 | Orc:2    | Found Koepruet's Jewellery Emporium.
 35730 | Orc:2    | Bought an uncursed ring of protection from cold for 300
                  | gold pieces
 35730 | Orc:2    | Bought an uncursed ring of protection from fire for 300
                  | gold pieces
 35948 | Orc:2    | Reached skill level 11 in Long Blades
 36329 | Orc:2    | Found Eblit's Antique Weapon Boutique.
 36341 | Orc:2    | Bought a scorched scimitar for 171 gold pieces
 36341 | Orc:2    | Bought a runed demon whip for 342 gold pieces
 36341 | Orc:2    | Bought a glowing hand crossbow for 123 gold pieces
 36342 | Orc:2    | Identified the +4 scimitar of the Equinox {drain, rElec
                  | rN++ Str-3} (You bought it in a shop on level 2 of the
                  | Orcish Mines)
 36929 | Orc:2    | Found Qaxaimadgh's General Store.
 37003 | Orc:2    | Found Acamoz's Antique Armour Boutique.
 37419 | Orc:2    | Noticed Jorgrun
 37442 | Orc:2    | Killed Jorgrun
 37608 | Orc:2    | Bought a potion of lignification for 42 gold pieces
 37608 | Orc:2    | Bought a potion of lignification for 42 gold pieces
 37608 | Orc:2    | Bought a potion of might for 56 gold pieces
 37608 | Orc:2    | Bought a potion of haste for 140 gold pieces
 37608 | Orc:2    | Bought a potion of flight for 42 gold pieces
 37753 | D:11     | Killed Zitorizoch's ghost
 37753 | D:11     | Reached skill level 12 in Long Blades
 38003 | D:11     | Bought 2 ruby potions for 57 gold pieces
 38003 | D:11     | Bought a scroll of identify for 64 gold pieces
 38003 | D:11     | Bought a yellow potion for 28 gold pieces
 38003 | D:11     | Bought a scroll of identify for 64 gold pieces
 38421 | D:13     | Identified the +4 plate armour of Quantum Leap {rPois} (You
                  | found it on level 13 of the Dungeon)
 39229 | D:13     | Reached skill level 13 in Long Blades
 39395 | D:13     | Identified the +0 buckler "Huricav" {Rampage rN++} (You
                  | found it on level 13 of the Dungeon)
 39838 | D:14     | Reached XP level 16. HP: 123/176 MP: 14/14
 40240 | D:14     | Found a gate to the Vaults.
 40588 | D:14     | Found a snail-covered altar of Cheibriados.
 40655 | D:14     | Got a fading long sword
 40656 | D:14     | Identified the +6 long sword "Pesey" {vorpal, MP+9} (You
                  | found it on level 14 of the Dungeon)
 40685 | D:15     | Entered Level 15 of the Dungeon
 40701 | D:15     | Reached skill level 14 in Long Blades
 40745 | D:15     | Reached skill level 1 in Armour
 40902 | D:15     | Found a staircase to the Depths.
 40937 | D:15     | Reached skill level 2 in Armour
 41299 | D:15     | Reached skill level 3 in Armour
 41640 | D:15     | Reached skill level 4 in Armour
 41718 | D:15     | Reached skill level 5 in Armour
 42402 | D:15     | Found an ornate altar of the Wu Jian Council.
 42563 | D:15     | Bought a crude long sword for 238 gold pieces
 42571 | D:15     | Identified the +7 long sword "Butym" {vorpal, Dex+7} (You
                  | bought it in a shop on level 15 of the Dungeon)
 42774 | Swamp:1  | Entered Level 1 of the Swamp
 42824 | Swamp:1  | Reached skill level 6 in Armour
 43332 | Swamp:1  | Reached skill level 7 in Armour
 43437 | Swamp:1  | Acquired 1019 gold pieces
 43451 | Swamp:1  | Bought a glowing helmet for 150 gold pieces
 43451 | Swamp:1  | Bought an ichor-stained plate armour for 560 gold pieces
 43477 | Swamp:1  | Identified the +6 plate armour "Teugul" {Dex+2} (You bought
                  | it in a shop on level 1 of the Swamp)
 44581 | Swamp:1  | Reached skill level 8 in Armour
 44803 | Swamp:2  | Found an opulent altar of Gozag.
 45658 | Swamp:3  | HP: 17/177 [komodo dragon[a spriggan druid] (24)]
 45659 | Swamp:3  | Slain by a swamp worm

Vanquished Creatures
  Jorgrun (Orc:2)
  Frances (D:12)
  A fire giant (D:15)
  A frost giant (IceCv)
  A stone giant (Orc:2)
  Josephine (Lair:5)
  3 ettins
  A fire dragon (Lair:6)
  Fannar (D:11)
  A yaktaur captain (D:12)
  The ghost of Zitorizoch the Destroyer, a journeyman DrCj of Vehumet (D:11)
  9 hydras
  A vault guard (D:14)
  2 catoblepae
  3 shambling mangroves (Swamp:1)
  An ogre mage (D:15)
  5 two-headed ogres
  5 centaur warriors
  7 death yaks
  4 alligators
  A tengu warrior (D:12)
  An unseen horror (D:14)
  A glowing orange brain (shapeshifter) (D:12)
  A spriggan druid (Swamp:3)
  5 swamp dragons
  A lindwurm (Lair:6)
  2 orc knights
  14 ugly things
  2 deep elf magi
  4 manticores
  An ice statue (IceCv)
  11 cyclopes
  8 elephants
  8 black mambas
  An eye of devastation (shapeshifter) (D:11)
  11 cane toads
  Maggie (D:8)
  A torpor snail (Lair:6)
  A gargoyle (D:10)
  4 kobold demonologists
  4 rime drakes
  An efreet (D:15)
  5 komodo dragons
  A tengu conjurer (D:15)
  4 yaktaurs
  6 trolls
  20 polar bears
  14 slime creatures
  9 tyrant leeches
  6 hornets
  2 dream sheep (Lair:6)
  19 blink frogs
  A harpy skeleton (D:15)
  15 hippogriffs
  6 bog bodies
  7 wyverns
  2 shadows (Swamp:1)
  A centaur simulacrum (D:12)
  2 spriggans (Swamp:1)
  5 wraiths
  3 vampires
  52 yaks
  2 basilisks
  Grum (D:10)
  6 vampire mosquitoes
  3 steam dragons
  8 wargs
  Edmund (D:4)
  8 swamp worms
  5 insubstantial wisps
  4 acid dragons
  9 water moccasins
  A soldier ant (D:15)
  10 porcupines
  7 swamp drakes
  6 black bears
  6 ice beasts
  A phantom (D:10)
  29 orc warriors
  An eye of draining (D:14)
  9 sky beasts
  3 necrophages (D:8)
  12 ogres
  8 centaurs
  14 crocodiles
  29 wolves
  15 bullfrogs
  15 big kobolds
  3 gnoll sergeants
  3 wyvern zombies
  An elf skeleton (D:8)
  A wyvern skeleton (D:9)
  7 scorpions
  11 killer bees
  27 wights
  4 howler monkeys
  4 crimson imps (D:9)
  3 centaur zombies
  4 human zombies (D:8)
  A quasit (D:12)
  8 centaur skeletons
  4 jellies
  13 orc priests
  A gnoll shaman (D:9)
  9 hounds
  20 orc wizards
  6 bullfrog skeletons
  Terence (D:2)
  6 iguanas
  18 worker ants
  An ogre zombie (D:8)
  An ogre skeleton (D:8)
  A mummy (D:8)
  A worker ant zombie (D:9)
  21 adders
  21 gnolls
  A howler monkey skeleton (D:9)
  2 shadow imps
  6 white imps
  4 ufetubi
  2 adder zombies (D:8)
  4 adder skeletons
  5 worms
  3 dart slugs
  3 leopard geckos
  96 orcs
  8 bats
  7 giant cockroaches
  10 goblins
  5 hobgoblins
  2 jackals (D:3)
  28 kobolds
  10 quokkas
  9 frilled lizards
  A quokka skeleton (D:9)
  8 rats
942 creatures vanquished.

Vanquished Creatures (others)
  2 polar bears (IceCv)
  A yak (IceCv)
  A wolf (IceCv)
  A crocodile (Lair:6)
  A kobold (D:14)
  53 fungi
  112 plants
171 creatures vanquished.

Grand Total: 1113 creatures vanquished
